 Dungeon Crawl Stone Soup version 0.31.0 (webtiles) character file.

Game seed: 17314464319830029826

18031 qw the Skirmisher (level 12, -1/78 HPs)
             Began as a Gargoyle Hunter on Jan 20, 2024.
             Was a High Priest of Okawaru.
             Killed by the air
             ... invoked by a wind drake
              (12 damage)
             ... on level 3 of the Lair of Beasts.
             The game lasted 00:01:38 (8976 turns).

qw the Skirmisher (Gargoyle Hunter)                 Turns: 8976, Time: 00:01:38

Health: -1/78      AC: 19    Str: 16    XL:     12   Next: 54%
Magic:  18/18      EV: 17    Int: 10    God:    Okawaru [*****.]
Gold:   637        SH:  5    Dex: 23    Spells: 11/11 levels left

rFire   . . .        a - +3 shortbow (flame)
rCold   . . .        (shield currently unavailable)
rNeg    + . .        l - +2 steam dragon scales
rPois   inf          n - +2 helmet
rElec   +            (no cloak)
rCorr   .            (no gloves)
SInv    +            (no boots)
Will    .....        t - amulet of reflection
Stlth   ++           h - +6 ring of dexterity
HPRegen 0.33/turn    k - ring of see invisible
MPRegen 0.16/turn

%: reflection
@: about to teleport
A: sickness immunity, AC +8, negative energy resistance 1, electricity
resistance, torment resistance 1, petrification resistance
a: Renounce Religion, Heroism, Finesse, Duel


You were on level 3 of the Lair of Beasts.
You worshipped Okawaru.
Okawaru was extremely pleased with you.
You visited 3 branches of the dungeon, and saw 12 of its levels.
You also visited: Ossuary.

You collected 637 gold pieces.


Innate Abilities, Weirdness & Mutations

You are immune to sickness and miasma.
Your stone body is resilient. (AC +8)
You are immune to poison.
You resist negative energy. (rN+)
You are resistant to electric shocks. (rElec)
You are resistant to unholy torment.
You are immune to petrification.


   Skills:
 + Level 10.3 Fighting
 - Level 14.0 Ranged Weapons
 - Level 4.1 Armour
 - Level 7.0 Dodging
 - Level 1.1 Stealth
 + Level 9.1 Invocations


You had 11 spell levels left.
You didn't know any spells.
Your spell library was empty.

Inventory:

Hand Weapons
 a - a +3 shortbow of flaming (weapon)
Armour
 d - a +0 pair of boots
 l - +2 steam dragon scales (worn)
 n - a +2 helmet (worn)
Jewellery
 h - a +6 ring of dexterity (left hand)
 k - a ring of see invisible (right hand)
 r - a ring of protection from cold
 s - a ring of protection from fire
 t - an amulet of reflection (around neck)
 Y - a ring of resist corrosion
Wands
 b - a wand of acid (3)
 f - a wand of paralysis (13)
 j - a wand of iceblast (6)
Scrolls
 e - 2 scrolls of teleportation
Potions
 c - 3 potions of enlightenment
 g - 2 potions of mutation
 i - 4 potions of curing
 m - 2 potions of cancellation
 o - 2 potions of magic
 p - 2 potions of might

Dungeon Overview and Level Annotations

Branches:
Dungeon (8/15)             Temple (1/1) D:5            Lair (3/5) D:8
  Snake (0/4) Lair:3      Ossuary (visited)
  Swamp: Lair:2-3    Shoals: Lair:2-3

Altars:
Ashenzari
Cheibriados
Dithmenos
Elyvilon
Fedhas
Gozag
Hepliaklqana
Kikubaaqudgha
Makhleb
Nemelex Xobeh
Okawaru
Qazlal
Ru
Trog
Uskayaw
Wu Jian
Xom
Yredelemnul
Zin

Shops:
D:3 :

Annotations:
D:4 2 transporters, qw's ghost, novice GrHu
D:7 2 transporters


Message History

You slam into the rock wall!
You shoot an arrow. The arrow barely misses the wind drake.
The wind drake exhales a fierce blast of wind!
You shoot an arrow. The arrow hits the wind drake!
The arrow burns the wind drake.
The wind drake is moderately wounded.
You shoot an arrow.
The arrow closely misses the wind drake.
You shoot an arrow.
The arrow closely misses the wind drake.
You shoot an arrow. The arrow barely misses the wind drake.
The wind drake exhales a fierce blast of wind!
You are knocked back by the gust of wind.
You slam into the rock wall!
You shoot an arrow.
The arrow closely misses the wind drake.
The wind drake closely misses you.
You shoot an arrow. The arrow barely misses the wind drake.
The wind drake closely misses you.
You shoot an arrow. The arrow hits the wind drake.
The arrow burns the wind drake.
The wind drake is moderately wounded.
The wind drake flaps its wings at you. The air twists around and strikes you!
8973 ||| READING 3 scrolls of teleportation.
As you read the scroll of teleportation, it crumbles to dust.
You feel strangely unstable.
The wind drake exhales a fierce blast of wind!
You are knocked back by the gust of wind.
You slam into the rock wall!
You shoot an arrow. The arrow hits the wind drake!
The arrow burns the wind drake.
The wind drake is heavily wounded.
You block the wind drake's attack.
You shoot an arrow.
The arrow closely misses the wind drake.
You shoot an arrow. The arrow misses the wind drake.
The wind drake flaps its wings at you. The air twists around and strikes you!
You die...

.............#
.P.P........##
####......>.#
##.......##
#........#
##........###
#.........#.#
#........#..####...
##@k...............
#..................
##.................
#...............#.
................P.
.>.................
.............<....#.
####.##.###.......^..


You could see a wind drake (repels missiles, catching breath).

Vanquished Creatures
  2 hydras (Lair:2)
  Amaemon (D:8)
  A manticore (Lair:3)
  2 black mambas
  An orange demon (D:8)
  3 cane toads
  Jeremiah (D:7)
  4 komodo dragons
  3 hornets
  14 blink frogs
  Grinder (D:6)
  2 wyverns (Lair:3)
  3 basilisks
  17 yaks
  Grum (Lair:1)
  A steam dragon (D:7)
  An acid dragon (D:8)
  2 hell hounds (Lair:2)
  9 water moccasins
  Duvessa (D:6)
  A black bear (D:8)
  4 ogres
  21 wolves
  2 phantoms
  8 bullfrogs
  4 elf zombies (Ossuary)
  3 scorpions
  4 wights (D:7)
  Dowan (D:6)
  4 killer bees (D:7)
  4 centaur zombies (Ossuary)
  A bombardier beetle (D:4)
  2 orc priests
  2 human zombies
  4 hounds
  2 iguanas
  3 jellies
  A sleepcap (D:7)
  Jessica (D:3)
  3 orc wizards (D:7)
  A killer bee zombie (Ossuary)
  A crocodile zombie (Ossuary)
  3 mummies (Ossuary)
  Robin (D:3)
  5 gnolls
  9 adders
  A shadow imp (D:7)
  4 white imps
  2 ufetubi (D:7)
  4 ribbon worms
  3 dart slugs
  20 orcs
  7 ball pythons
  8 endoplasms
  4 giant cockroaches
  13 goblins
  10 hobgoblins
  9 jackals
  2 quokkas
  3 bats (D:1)
  A frilled lizard (D:1)
  8 kobolds
  A rat (D:1)
  A rat zombie (D:4)
266 creatures vanquished.

Notes
Turn   | Place    | Note
-------+----------+-------------------------------------------
     0 | D:1      | qw the Gargoyle Hunter began the quest for the Orb.
     0 | D:1      | Reached XP level 1. HP: 12/12 MP: 1/1
     0 | D:1      | 0 ||| qw: Version: 0.3-a-132-g3d54051
     0 | D:1      | 0 ||| qw: Game counter: 444
     0 | D:1      | 0 ||| qw: Melee chars always use a shield: true
     0 | D:1      | 0 ||| qw: God list: Okawaru
     0 | D:1      | 0 ||| qw: Allow faded altars: false
     0 | D:1      | 0 ||| qw: Do Orc after clearing Dungeon:15 true
     0 | D:1      | 0 ||| qw: Do second Lair branch before Depths: true
     0 | D:1      | 0 ||| qw: Lair rune preference: random
     0 | D:1      | 0 ||| qw: Goals: Normal
     0 | D:1      | 0 ||| PLANNING D:1-11
   230 | D:1      | Reached XP level 2. HP: 17/17 MP: 2/2
   526 | D:1      | Found a faded altar of an unknown god.
   638 | D:1      | Reached XP level 3. HP: 21/21 MP: 3/3
   963 | D:1      | 963 ||| UPGRADING to amulet of regeneration.
   968 | D:1      | 968 ||| UPGRADING to +6 ring of dexterity.
   969 | D:1      | 969 ||| READING scroll labelled NITENE HIMA.
   969 | D:1      | 969 ||| BRANDING +0 shortbow.
   970 | D:1      | 970 ||| READING scroll labelled GEOROF HIXKUUTUTIE.
   971 | D:1      | 971 ||| READING scroll labelled QUCRUE FA MOAMY.
   976 | D:1      | 976 ||| DROPPING scroll of butterflies.
  1113 | D:2      | Reached skill level 5 in Ranged Weapons
  1442 | D:2      | 1442 ||| FLEEEEING.
  1509 | D:2      | Reached skill level 3 in Fighting
  1642 | D:2      | 1642 ||| UPGRADING to ring of resist corrosion.
  1643 | D:2      | 1643 ||| READING scroll labelled GIUSCH EWKI.
  1643 | D:2      | 1643 ||| ENCHANTING +0 shortbow of freezing.
  1644 | D:2      | 1644 ||| READING scroll labelled KYINEKIASS.
  1645 | D:2      | 1645 ||| READING scroll labelled RIOJAHODAF.
  1774 | D:3      | 1774 ||| STAIRDANCE
  1778 | D:2      | Reached XP level 4. HP: 22/28 MP: 4/4
  1778 | D:2      | 1778 ||| FLEEEEING.
  1790 | D:3      | 1790 ||| STAIRDANCE
  1800 | D:3      | 1800 ||| STAIRDANCE
  1948 | D:3      | Noticed Jessica
  1949 | D:3      | Killed Jessica
  1950 | D:3      | Reached skill level 6 in Ranged Weapons
  1950 | D:3      | Reached XP level 5. HP: 32/32 MP: 5/5
  2042 | D:3      | Noticed Robin
  2064 | D:3      | Killed Robin
  2066 | D:3      | 2066 ||| FLEEEEING.
  2281 | D:3      | Found Idiusm's Book Shop.
  2364 | D:3      | 2364 ||| UPGRADING to +0 ring mail.
  2374 | D:3      | 2374 ||| DROPPING +0 leather armour.
  2375 | D:3      | 2375 ||| UPGRADING to +2 helmet.
  2380 | D:3      | 2380 ||| READING scroll labelled LETWER BENYH.
  2380 | D:3      | 2380 ||| IDENTIFYING fizzy coppery potion
  2381 | D:3      | 2381 ||| DRINKING 2 fizzy emerald potions.
  2382 | D:3      | 2382 ||| DRINKING 2 viscous cyan potions.
  2428 | D:3      | 2428 ||| DRINKING 2 puce potions.
  2429 | D:3      | 2429 ||| DROPPING potion of attraction.
  2430 | D:3      | 2430 ||| DROPPING potion of lignification.
  2431 | D:3      | 2431 ||| DROPPING potion of magic.
  2442 | D:4      | 2442 ||| PLANNING OSSUARY
  2479 | D:4      | Found a transporter.
  2486 | D:4      | Noticed qw's ghost (novice GrHu)
  2552 | D:4      | Found a sand-covered staircase.
  2572 | D:4      | Reached skill level 1 in Armour
  2572 | D:4      | 2572 ||| READING scroll labelled JAVVEK UGIEPT.
  2582 | Ossuary  | Entered an ossuary
  2612 | Ossuary  | Reached XP level 6. HP: 32/37 MP: 6/6
  2665 | Ossuary  | 2665 ||| READING scroll of brand weapon.
  2665 | Ossuary  | 2665 ||| BRANDING +1 shortbow of freezing.
  2709 | Ossuary  | Reached XP level 7. HP: 44/44 MP: 7/7
  2720 | Ossuary  | Reached skill level 7 in Ranged Weapons
  2790 | Ossuary  | 2790 ||| READING 4 scrolls of identify.
  2790 | Ossuary  | 2790 ||| IDENTIFYING viscous blue potion
  2791 | Ossuary  | 2791 ||| READING 3 scrolls of identify.
  2791 | Ossuary  | 2791 ||| IDENTIFYING fuming clear potion
  2792 | Ossuary  | 2792 ||| READING 2 scrolls of identify.
  2792 | Ossuary  | 2792 ||| IDENTIFYING 3 bubbling brown potions
  2793 | Ossuary  | 2793 ||| READING scroll of identify.
  2793 | Ossuary  | 2793 ||| IDENTIFYING scroll labelled OPABBO ZUTU
  2794 | Ossuary  | 2794 ||| READING scroll labelled BIFUM ERAP.
  2795 | Ossuary  | 2795 ||| DROPPING scroll of poison.
  2796 | Ossuary  | 2796 ||| DROPPING potion of invisibility.
  2806 | D:4      | 2806 ||| PLANNING D:1-11
  2847 | D:4      | Reached skill level 8 in Ranged Weapons
  2848 | D:4      | You fall into a shaft and drop 3 floors!
  2857 | D:7      | Noticed a hornet
  2858 | D:7      | 2858 ||| RETREEEEATING.
  2860 | D:7      | 2860 ||| ZAPPING wand of acid (14) at -3,5 (hornet; floor).
  2861 | D:7      | 2861 ||| ZAPPING wand of acid (13) at -2,4 (hornet; floor).
  2862 | D:7      | 2862 ||| ZAPPING wand of acid (12) at -1,2 (hornet; floor).
  2863 | D:7      | Reached XP level 8. HP: 37/49 MP: 8/8
  2863 | D:7      | 2863 ||| ZAPPING wand of acid (11) at 0,1 (hornet; floor).
  2863 | D:7      | Killed a hornet
  2869 | D:7      | HP: 4/49 [something/puff of flame (12)]
  2870 | D:7      | 2870 ||| READING 2 scrolls of teleportation.
  2871 | D:7      | 2871 ||| DRINKING potion of heal wounds.
  2872 | D:7      | 2872 ||| DRINKING 3 potions of curing.
  2872 | D:7      | 2872 ||| (to cure confusion)
  3018 | D:7      | 3018 ||| RETREEEEATING.
  3026 | D:7      | Reached skill level 9 in Ranged Weapons
  3055 | D:7      | Paralysed by an orc wizard for 4 turns
  3059 | D:7      | 3059 ||| DRINKING 2 potions of curing.
  3059 | D:7      | 3059 ||| (to cure confusion)
  3060 | D:7      | Paralysed by an orc wizard for 2 turns
  3158 | D:7      | Reached skill level 6 in Fighting
  3168 | D:7      | Reached skill level 3 in Dodging
  3198 | D:7      | Noticed a hornet
  3199 | D:7      | 3199 ||| ZAPPING wand of acid (10) at -5,0 (hornet; floor).
  3200 | D:7      | 3200 ||| ZAPPING wand of acid (9) at -4,0 (hornet; floor).
  3201 | D:7      | 3201 ||| ZAPPING wand of acid (8) at -2,0 (hornet; floor).
  3202 | D:7      | 3202 ||| ZAPPING wand of acid (7) at -1,0 (hornet; floor).
  3202 | D:7      | Killed a hornet
  3203 | D:7      | Reached XP level 9. HP: 55/55 MP: 9/9
  3207 | D:7      | 3207 ||| READING scroll of identify.
  3207 | D:7      | 3207 ||| IDENTIFYING dark potion
  3213 | D:7      | 3213 ||| DRINKING potion of curing.
  3213 | D:7      | 3213 ||| (to cure confusion)
  3300 | D:6      | Reached skill level 10 in Ranged Weapons
  3331 | D:5      | Entered Level 5 of the Dungeon
  3391 | D:5      | 3391 ||| READING scroll of identify.
  3391 | D:5      | 3391 ||| IDENTIFYING scroll labelled OKKEJUNODO
  3392 | D:5      | 3392 ||| DROPPING scroll of vulnerability.
  3437 | D:4      | 3437 ||| FLEEEEING.
  3467 | D:4      | Found a transporter.
  3476 | D:4      | 3476 ||| READING scroll of enchant weapon.
  3476 | D:4      | 3476 ||| ENCHANTING +1 shortbow of draining.
  3946 | D:4      | 3946 ||| DROPPING amulet of guardian spirit.
  3947 | D:4      | 3947 ||| UPGRADING to ring of see invisible.
  3949 | D:4      | 3949 ||| READING scroll of identify.
  3949 | D:4      | 3949 ||| IDENTIFYING purple potion
  4165 | D:5      | Found a staircase to the Ecumenical Temple.
  4166 | D:5      | 4166 ||| PLANNING TEMPLE
  4175 | Temple   | Entered the Ecumenical Temple
  4176 | Temple   | 4176 ||| PLANNING OKAWARU WORSHIP
  4179 | Temple   | Became a worshipper of Warmaster Okawaru
  4180 | Temple   | 4180 ||| PLANNING D:1-11
  4628 | D:6      | Reached skill level 11 in Ranged Weapons
  4697 | D:6      | Found a sacrificial altar of Ru.
  4707 | D:6      | Found a hide-covered altar of Uskayaw.
  4913 | D:6      | Noticed Dowan
  4914 | D:6      | Noticed Duvessa
  4918 | D:6      | 4918 ||| ZAPPING wand of iceblast (10) at 4,2 (floor).
  4919 | D:6      | 4919 ||| ZAPPING wand of iceblast (9) at 3,1 (Duvessa;
                  | floor).
  4920 | D:6      | 4920 ||| ZAPPING wand of iceblast (8) at 2,0 (Duvessa;
                  | floor).
  4920 | D:6      | Killed Duvessa
  4922 | D:6      | 4922 ||| ZAPPING wand of iceblast (7) at 4,2 (floor).
  4922 | D:6      | Killed Dowan
  5049 | D:6      | Noticed Grinder
  5075 | D:6      | Paralysed by Grinder for 4 turns
  5079 | D:6      | Killed Grinder
  5087 | D:6      | Found a sparkling altar of Nemelex Xobeh.
  5313 | D:6      | 5313 ||| READING 2 scrolls of identify.
  5313 | D:6      | 5313 ||| IDENTIFYING brown potion
  5314 | D:6      | 5314 ||| READING scroll of identify.
  5314 | D:6      | 5314 ||| IDENTIFYING fizzy grey potion
  5315 | D:6      | 5315 ||| DROPPING potion of brilliance.
  5350 | D:7      | Identified the +0 ring mail of Agnosticism {rPois Stlth+}
  5350 | D:7      | Identified the +0 kite shield of Vitig {MP+9}
  5362 | D:7      | Noticed Jeremiah
  5363 | D:7      | 5363 ||| DRINKING potion of haste.
  5389 | D:7      | 5389 ||| FLEEEEING.
  5390 | D:7      | 5390 ||| FLEEEEING.
  5409 | D:7      | 5409 ||| ZAPPING wand of acid (6) at 2,2 (Jeremiah; floor).
  5410 | D:7      | 5410 ||| ZAPPING wand of acid (5) at 2,2 (Jeremiah; floor).
  5411 | D:7      | 5411 ||| ZAPPING wand of acid (4) at 2,2 (Jeremiah; floor).
  5411 | D:7      | Killed Jeremiah
  5411 | D:7      | Reached * piety under Okawaru
  5412 | D:7      | Reached XP level 10. HP: 65/65 MP: 10/10
  5456 | D:7      | Reached skill level 1 in Invocations
  5540 | D:7      | Found a transporter.
  5542 | D:7      | Identified the ring of the Moon {Fly rPois}
  5600 | D:7      | Found a transporter.
  5712 | D:7      | 5712 ||| UPGRADING to +0 steam dragon scales.
  5722 | D:7      | 5722 ||| DROPPING +0 ring mail.
  5752 | D:8      | Found a staircase to the Lair.
  5942 | D:8      | 5942 ||| INVOKING Heroism.
  5979 | D:8      | Noticed Amaemon
  5980 | D:8      | Noticed an orange demon
  5981 | D:8      | 5981 ||| INVOKING Heroism.
  5982 | D:8      | 5982 ||| RETREEEEATING.
  5983 | D:8      | 5983 ||| RETREEEEATING.
  6001 | D:8      | 6001 ||| RETREEEEATING.
  6003 | D:8      | 6003 ||| RETREEEEATING.
  6004 | D:8      | 6004 ||| RETREEEEATING.
  6004 | D:8      | Killed Amaemon
  6004 | D:8      | Reached ** piety under Okawaru
  6005 | D:8      | Reached skill level 3 in Invocations
  6005 | D:8      | 6005 ||| INVOKING Heroism.
  6012 | D:8      | Killed an orange demon
  6104 | D:8      | 6104 ||| FLEEEEING.
  6261 | D:8      | 6261 ||| PLANNING LAIR
  6298 | Lair:1   | Entered Level 1 of the Lair of Beasts
  6300 | Lair:1   | 6300 ||| RETREEEEATING.
  6302 | Lair:1   | 6302 ||| RETREEEEATING.
  6319 | Lair:1   | Reached skill level 12 in Ranged Weapons
  6397 | Lair:1   | Noticed a black mamba
  6398 | Lair:1   | 6398 ||| INVOKING Heroism.
  6404 | Lair:1   | Killed a black mamba
  6541 | Lair:1   | Noticed Grum
  6542 | Lair:1   | 6542 ||| RETREEEEATING.
  6543 | Lair:1   | 6543 ||| RETREEEEATING.
  6545 | Lair:1   | 6545 ||| RETREEEEATING.
  6547 | Lair:1   | 6547 ||| RETREEEEATING.
  6548 | Lair:1   | 6548 ||| RETREEEEATING.
  6549 | Lair:1   | 6549 ||| RETREEEEATING.
  6550 | Lair:1   | 6550 ||| RETREEEEATING.
  6551 | Lair:1   | 6551 ||| RETREEEEATING.
  6552 | Lair:1   | 6552 ||| RETREEEEATING.
  6553 | Lair:1   | 6553 ||| RETREEEEATING.
  6554 | Lair:1   | 6554 ||| RETREEEEATING.
  6555 | Lair:1   | 6555 ||| RETREEEEATING.
  6574 | Lair:1   | Killed Grum
  6698 | Lair:1   | 6698 ||| RETREEEEATING.
  6700 | Lair:1   | 6700 ||| RETREEEEATING.
  6702 | Lair:1   | 6702 ||| RETREEEEATING.
  6704 | Lair:1   | 6704 ||| RETREEEEATING.
  6714 | Lair:1   | Reached *** piety under Okawaru
  6715 | Lair:1   | Reached XP level 11. HP: 58/69 MP: 14/14
  6731 | Lair:1   | 6731 ||| FLEEEEING.
  6746 | Lair:1   | 6746 ||| READING scroll of enchant weapon.
  6746 | Lair:1   | 6746 ||| ENCHANTING +2 shortbow of draining.
  7052 | Lair:1   | 7052 ||| READING scroll of identify.
  7052 | Lair:1   | 7052 ||| IDENTIFYING metallic ruby potion
  7053 | Lair:1   | 7053 ||| READING 2 scrolls labelled QEMEWY DOA.
  7053 | Lair:1   | 7053 ||| ENCHANTING +0 steam dragon scales.
  7054 | Lair:1   | 7054 ||| READING scroll of enchant armour.
  7054 | Lair:1   | 7054 ||| ENCHANTING +1 steam dragon scales.
  7093 | Lair:2   | 7093 ||| RETREEEEATING.
  7094 | Lair:2   | 7094 ||| RETREEEEATING.
  7097 | Lair:2   | 7097 ||| RETREEEEATING.
  7098 | Lair:2   | 7098 ||| RETREEEEATING.
  7099 | Lair:2   | 7099 ||| RETREEEEATING.
  7100 | Lair:2   | 7100 ||| RETREEEEATING.
  7101 | Lair:2   | 7101 ||| RETREEEEATING.
  7102 | Lair:2   | 7102 ||| RETREEEEATING.
  7103 | Lair:2   | 7103 ||| INVOKING Heroism.
  7104 | Lair:2   | 7104 ||| RETREEEEATING.
  7105 | Lair:2   | 7105 ||| RETREEEEATING.
  7106 | Lair:2   | 7106 ||| RETREEEEATING.
  7107 | Lair:2   | 7107 ||| RETREEEEATING.
  7108 | Lair:2   | 7108 ||| RETREEEEATING.
  7109 | Lair:2   | 7109 ||| RETREEEEATING.
  7110 | Lair:2   | 7110 ||| RETREEEEATING.
  7111 | Lair:2   | 7111 ||| RETREEEEATING.
  7112 | Lair:2   | 7112 ||| RETREEEEATING.
  7124 | Lair:2   | Reached skill level 13 in Ranged Weapons
  7125 | Lair:2   | 7125 ||| RETREEEEATING.
  7126 | Lair:2   | 7126 ||| RETREEEEATING.
  7127 | Lair:2   | 7127 ||| RETREEEEATING.
  7128 | Lair:2   | 7128 ||| RETREEEEATING.
  7129 | Lair:2   | 7129 ||| RETREEEEATING.
  7130 | Lair:2   | 7130 ||| RETREEEEATING.
  7131 | Lair:2   | 7131 ||| RETREEEEATING.
  7132 | Lair:2   | 7132 ||| RETREEEEATING.
  7133 | Lair:2   | 7133 ||| RETREEEEATING.
  7134 | Lair:2   | 7134 ||| RETREEEEATING.
  7135 | Lair:2   | 7135 ||| RETREEEEATING.
  7136 | Lair:2   | 7136 ||| RETREEEEATING.
  7137 | Lair:2   | 7137 ||| RETREEEEATING.
  7138 | Lair:2   | 7138 ||| RETREEEEATING.
  7139 | Lair:2   | 7139 ||| RETREEEEATING.
  7140 | Lair:2   | 7140 ||| RETREEEEATING.
  7141 | Lair:2   | 7141 ||| RETREEEEATING.
  7142 | Lair:2   | 7142 ||| RETREEEEATING.
  7143 | Lair:2   | 7143 ||| RETREEEEATING.
  7144 | Lair:2   | 7144 ||| RETREEEEATING.
  7145 | Lair:2   | 7145 ||| RETREEEEATING.
  7146 | Lair:2   | 7146 ||| RETREEEEATING.
  7147 | Lair:2   | 7147 ||| RETREEEEATING.
  7148 | Lair:2   | 7148 ||| RETREEEEATING.
  7149 | Lair:2   | 7149 ||| INVOKING Heroism.
  7167 | Lair:2   | Reached skill level 9 in Fighting
  7215 | Lair:2   | Noticed an eight-headed hydra
  7216 | Lair:2   | 7216 ||| INVOKING Heroism.
  7224 | Lair:2   | Killed an eight-headed hydra
  7277 | Lair:2   | 7277 ||| RETREEEEATING.
  7279 | Lair:2   | 7279 ||| RETREEEEATING.
  7280 | Lair:2   | 7280 ||| RETREEEEATING.
  7282 | Lair:2   | 7282 ||| RETREEEEATING.
  7283 | Lair:2   | 7283 ||| RETREEEEATING.
  7284 | Lair:2   | 7284 ||| RETREEEEATING.
  7295 | Lair:2   | 7295 ||| RETREEEEATING.
  7296 | Lair:2   | 7296 ||| RETREEEEATING.
  7297 | Lair:2   | 7297 ||| RETREEEEATING.
  7300 | Lair:2   | 7300 ||| RETREEEEATING.
  7302 | Lair:2   | Reached **** piety under Okawaru
  7304 | Lair:2   | 7304 ||| RETREEEEATING.
  7312 | Lair:2   | 7312 ||| RETREEEEATING.
  7314 | Lair:2   | Reached skill level 14 in Ranged Weapons
  7435 | Lair:2   | 7435 ||| RETREEEEATING.
  7436 | Lair:2   | 7436 ||| RETREEEEATING.
  7437 | Lair:2   | 7437 ||| RETREEEEATING.
  7453 | Lair:2   | Noticed a five-headed hydra
  7454 | Lair:2   | 7454 ||| INVOKING Finesse.
  7461 | Lair:2   | Killed a five-headed hydra
  7518 | Lair:2   | Reached skill level 6 in Dodging
  7536 | Lair:2   | 7536 ||| RETREEEEATING.
  7538 | Lair:2   | Reached skill level 6 in Invocations
  7541 | Lair:2   | 7541 ||| RETREEEEATING.
  7542 | Lair:2   | 7542 ||| RETREEEEATING.
  7543 | Lair:2   | 7543 ||| RETREEEEATING.
  7544 | Lair:2   | 7544 ||| RETREEEEATING.
  7545 | Lair:2   | 7545 ||| RETREEEEATING.
  7546 | Lair:2   | 7546 ||| RETREEEEATING.
  7547 | Lair:2   | 7547 ||| RETREEEEATING.
  7548 | Lair:2   | 7548 ||| RETREEEEATING.
  7608 | Lair:2   | 7608 ||| RETREEEEATING.
  7609 | Lair:2   | 7609 ||| RETREEEEATING.
  7610 | Lair:2   | 7610 ||| RETREEEEATING.
  7614 | Lair:2   | Reached ***** piety under Okawaru
  7617 | Lair:2   | 7617 ||| RETREEEEATING.
  7618 | Lair:2   | 7618 ||| RETREEEEATING.
  7619 | Lair:2   | 7619 ||| RETREEEEATING.
  7624 | Lair:2   | Reached XP level 12. HP: 77/77 MP: 17/17
  7637 | Lair:2   | 7637 ||| FLEEEEING.
  7642 | Lair:2   | 7642 ||| STAIRDANCE
  7656 | Lair:1   | 7656 ||| UPGRADING to amulet of reflection.
  7666 | Lair:1   | 7666 ||| DROPPING amulet of regeneration.
  7667 | Lair:1   | 7667 ||| READING scroll of identify.
  7667 | Lair:1   | 7667 ||| IDENTIFYING bubbling yellow potion
  7668 | Lair:1   | 7668 ||| READING scroll labelled GAT SUIHITHEJE.
  7669 | Lair:1   | 7669 ||| DROPPING potion of ambrosia.
  7841 | Lair:2   | 7841 ||| READING scroll of brand weapon.
  7841 | Lair:2   | 7841 ||| BRANDING +3 shortbow of draining.
  8041 | Lair:2   | 8041 ||| FLEEEEING.
  8177 | Lair:3   | 8177 ||| RETREEEEATING.
  8178 | Lair:3   | 8178 ||| RETREEEEATING.
  8181 | Lair:3   | 8181 ||| INVOKING Finesse.
  8186 | Lair:3   | 8186 ||| INVOKING Finesse.
  8219 | Lair:3   | 8219 ||| FLEEEEING.
  8220 | Lair:3   | 8220 ||| FLEEEEING.
  8221 | Lair:3   | 8221 ||| STAIRDANCE
  8239 | Lair:2   | 8239 ||| FLEEEEING.
  8243 | Lair:2   | 8243 ||| STAIRDANCE
  8410 | Lair:3   | 8410 ||| FLEEEEING.
  8411 | Lair:3   | 8411 ||| FLEEEEING.
  8412 | Lair:3   | 8412 ||| FLEEEEING.
  8413 | Lair:3   | 8413 ||| FLEEEEING.
  8414 | Lair:3   | 8414 ||| FLEEEEING.
  8449 | Lair:3   | Found a staircase to the Snake Pit.
  8481 | Lair:3   | 8481 ||| RETREEEEATING.
  8491 | Lair:3   | 8491 ||| RETREEEEATING.
  8492 | Lair:3   | HP: 9/77 [wind drake/the air (13)]
  8493 | Lair:3   | 8493 ||| READING 5 scrolls of teleportation.
  8503 | Lair:3   | 8503 ||| READING 4 scrolls of teleportation.
  8506 | Lair:3   | 8506 ||| FLEEEEING.
  8830 | Lair:3   | 8830 ||| RETREEEEATING.
  8838 | Lair:3   | 8838 ||| RETREEEEATING.
  8839 | Lair:3   | 8839 ||| RETREEEEATING.
  8842 | Lair:3   | 8842 ||| RETREEEEATING.
  8843 | Lair:3   | 8843 ||| RETREEEEATING.
  8844 | Lair:3   | 8844 ||| RETREEEEATING.
  8845 | Lair:3   | 8845 ||| RETREEEEATING.
  8846 | Lair:3   | 8846 ||| RETREEEEATING.
  8847 | Lair:3   | 8847 ||| RETREEEEATING.
  8848 | Lair:3   | 8848 ||| RETREEEEATING.
  8849 | Lair:3   | 8849 ||| RETREEEEATING.
  8866 | Lair:3   | Reached skill level 9 in Invocations
  8972 | Lair:3   | HP: 18/78 [wind drake/the air (10)]
  8973 | Lair:3   | 8973 ||| READING 3 scrolls of teleportation.
  8976 | Lair:3   | Killed from afar by a wind drake

Levels and vault maps discovered:
D:1:      noname_arrival_rooms_in_the_neighbourhood, layout_basic,
          hellmonk_ecumenical_altar_zigzags, minmay_misc_feat_hallway,
          patterned_corridor
D:2:      layout_basic, chequers_serial_rivers_large_a, reono_crystal_passage,
          cheibrodos_gnoll_hut
D:3:      layout_rooms, serial_shops, nicolae_shop_back_alley_shop,
          uniq_jessica, uniq_robin
D:4:      layout_basic, gammafunk_ghost_arena, enter_ossuary_3,
          chequers_serial_rivers_micro_d, minmay_quadrilaterals
D:5:      layout_gridville, minmay_temple_entry_junction
D:6:      layout_cave_pods, mainiacjoe_overflow_concentric_impassable,
          nicolae_uskayaw_dance_hall, mainiacjoe_overflow_brackets,
          grunt_ministairs_14, uniq_grinder, uniq_duvessa
D:7:      layout_basic, gammafunk_ghost_gnarly_gnolls, uniq_jeremiah
D:8:      layout_cave_pools, lair_entry_dummy, uniq_amaemon
Temple:   nicolae_temple_bog_church
Lair:1:   layout_roguey, uniq_grum
Lair:2:   layout_regular_city, enter_volcano_3, grunt_megastairs_3
Lair:3:   layout_chaotic_city, minmay_shoals_entry_beasts, dummy_snake_entry

Skill      XL: |  1  2  3  4  5  6  7  8  9 10 11 12 |
---------------+-------------------------------------+-----
Ranged Weapons | 5 6 8 9 11 12 14 | 14.0
Fighting       | 3 4 5 6 8 9 10 | 10.3
Dodging        | 2 3 4 5 6 7 |  7.0
Armour         | 1 4 |  4.1
Invocations    | 4 6 9 |  9.1
Stealth        | |  1.1

Action                     |  1- 3 |  4- 6 |  7- 9 | 10-12 || total
---------------------------+-------+-------+-------+-------++-------
   Fire: Shortbow          |   120 |   159 |   381 |   634 ||  1294
 Invoke: Heroism           |       |       |       |     7 ||     7
         Finesse           |       |       |       |     2 ||     2
  Evoke: Wand              |       |       |    15 |       ||    15
    Use: Scroll            |     6 |     3 |    12 |    10 ||    31
         Potion            |       |     3 |     5 |       ||     8
 Armour: Leather armour    |    37 |    29 |       |       ||    66
         Ring mail         |       |    67 |   130 |       ||   197
         Steam dragon scal |       |       |       |   196 ||   196
  Dodge: Dodged            |    37 |    72 |    98 |   263 ||   470
  Block: Other             |       |       |       |     9 ||     9
         Reflection        |       |       |       |     1 ||     1

Table legend:
 A = Non-vault XP
 B = Vault XP
 C = Vault XP percentage of total XP
 D = Non-vault monster count
 E = Vault monster count
 F = Vault count percentage of total count
                 A         B        C        D         E       F
            +---------+---------+-------+---------+---------+-------
      Total |   19942 |    5817 |  22.6 |     207 |      59 |  22.2
            +---------+---------+-------+---------+---------+-------
        D:1 |      37 |       0 |   0.0 |      20 |       0 |   0.0
        D:2 |      61 |      18 |  22.8 |      12 |       3 |  20.0
        D:3 |      48 |      74 |  60.7 |      16 |      13 |  44.8
        D:4 |     258 |     375 |  59.2 |      19 |       9 |  32.1
        D:5 |     525 |       0 |   0.0 |      17 |       0 |   0.0
        D:6 |     459 |     518 |  53.0 |       9 |       5 |  35.7
        D:7 |    1726 |     365 |  17.5 |      35 |       1 |   2.8
        D:8 |     685 |    1197 |  63.6 |       5 |       2 |  28.6
     Lair:1 |    2366 |     528 |  18.2 |      10 |       4 |  28.6
     Lair:2 |    8332 |    1463 |  14.9 |      39 |       7 |  15.2
     Lair:3 |    5445 |     572 |   9.5 |      25 |       1 |   3.8
    Ossuary |       0 |     707 | 100.0 |       0 |      14 | 100.0
            +---------+---------+-------+---------+---------+-------
